 Dungeon Crawl Stone Soup version 0.27-a0-419-g7a85846853 (webtiles) character file.

Game seed: 11826896629438039147

75 Chiseanne the Skirmisher (level 4, 6/34 HPs)
             Began as a Demonspawn Wanderer on Feb 26, 2021.
             Quit the game on level 2 of the Dungeon.
             The game lasted 00:01:51 (2318 turns).

Chiseanne the Skirmisher (Demonspawn Wanderer)      Turns: 2318, Time: 00:01:52

Health: 6/34       AC:  5    Str: 15    XL:     4   Next: 11%
Magic:  4/4        EV: 11    Int: 12    God:
Gold:   117        SH:  0    Dex: 12    Spells: 3/3 levels left

rFire    . . .     SeeInvis .   a - +2 mace
rCold    . . .     Faith    .   (no shield)
rNeg     . . .     Spirit   .   l - +0 ring mail
rPois    .         Reflect  .   (helmet restricted)
rElec    .         Harm     .   (no cloak)
rCorr    .         Rampage  .   (no gloves)
Will     .....                  (no boots)
Stlth    +.........             (no amulet)
HPRegen  0.11/turn              (no ring)
MPRegen  0.09/turn              (no ring)

@: seriously poisoned (6 -> 2)
A: antennae 1, powered by death 1
a: no special abilities


You were on level 2 of the Dungeon.
You visited 1 branch of the dungeon, and saw 2 of its levels.

You collected 117 gold pieces.

Inventory:

Hand Weapons
 a - a +2 mace (weapon)
 e - a +0 dagger
Missiles
 f - 33 stones (quivered)
 h - 15 sling bullets
 k - 19 arrows
Armour
 l - a +0 ring mail (worn)
Scrolls
 d - a scroll of immolation {unknown}
 g - 4 scrolls of identify {unknown}
 i - 3 scrolls of teleportation {unknown}
Potions
 c - a potion of lignification
 j - a potion of mutation {unknown}


   Skills:
 * Level 2.7 Fighting
 - Level 2.6 Maces & Flails
 - Level 2.6 Polearms
 * Level 0.7 Armour
 * Level 2.5 Dodging
 - Level 1.7 Stealth


You had 3 spell levels left.
You didn't know any spells.
Your spell library was empty.

Dungeon Overview and Level Annotations

Branches:
Dungeon (2/15)

Altars:


Innate Abilities, Weirdness & Mutations

You have a pair of small antennae on your head.
You regenerate a little health from kills.


Message History

You are too injured to fight recklessly!
You are too injured to fight recklessly!
You are too injured to fight recklessly!
You are too injured to fight recklessly!
You are too injured to fight recklessly!
You are too injured to fight recklessly!
You are too injured to fight recklessly!
You closely miss the adder.
The adder is heavily wounded.
You feel sick. The adder bites you but does no damage. The adder bites you.
* * * LOW HITPOINT WARNING * * *
You are lethally poisoned!
The adder poisons you!
You barely miss the adder.
The adder is heavily wounded.
The adder closely misses you.
You hit the adder but do no damage.
The adder is heavily wounded.
* * * LOW HITPOINT WARNING * * *
You feel sick. The adder bites you.
* * * LOW HITPOINT WARNING * * *
The adder bites you.
* * * LOW HITPOINT WARNING * * *
You are more poisoned.
The adder poisons you!
You feel better. The adder closely misses you.
You miss the adder.
The adder is heavily wounded.
The adder bites you.
You are poisoned.
The adder poisons you! The adder bites you.
* * * LOW HITPOINT WARNING * * *
You hit the adder.
You kill the adder!
* * * LOW HITPOINT WARNING * * *
You feel sick.
You have reached level 4!
You feel stronger.
Your demonic ancestry asserts itself...
A pair of antennae grows on your head!
Are you sure you want to abandon this character and quit the game? (Confirm with "yes".)

############# .......>)...#
###########.#########
#.##...hg.# #..#..@#h.....(
#### ####..##gh..... ...#
#..#####+####+# ##.# #...#
...# ##.######### #††.#
...# ##...<.....#
#..########..#
##########.###..#..##..#..#
# ##††.##..'......').#
########.....#..##8..8##..#


You could see a jackal and a hobgoblin.

Vanquished Creatures
  A gnoll (D:1)
  2 adders (D:2)
  7 bats
  2 giant cockroaches
  4 goblins
  7 hobgoblins
  7 jackals
  2 frilled lizards
  9 kobolds
  3 rats
44 creatures vanquished.

Notes
Turn   | Place    | Note
-------+----------+-------------------------------------------
     0 | D:1      | Chiseanne the Demonspawn Wanderer began the quest for the
                  | Orb.
     0 | D:1      | Chiseanne set off with the following items: a +2 mace, a
                  | potion of curing, a potion of lignification, a +0 robe, a
                  | +0 dagger
     0 | D:1      | Reached XP level 1. HP: 15/15 MP: 1/1
   210 | D:1      | Gained mutation: You regenerate a little health from kills.
                  | [demonic ancestry]
   210 | D:1      | Reached XP level 2. HP: 5/22 MP: 2/2
  1005 | D:1      | Reached XP level 3. HP: 27/27 MP: 3/3
  2318 | D:2      | Gained mutation: You have a pair of small antennae on your
                  | head. [demonic ancestry]
  2318 | D:2      | Reached XP level 4. HP: 6/34 MP: 4/4
  2318 | D:2      | Quit the game

Illustrated notes

Levels and vault maps discovered:
D:1:      dpeg_arrival_arbitrary_c, layout_loops_ring
D:2:      minmay_chambers_of_twos, layout_loops_ring

Skill      XL: |  1  2 |
---------------+-------+-----
Fighting       | 2 |  2.7
Dodging        | 2 |  2.5
Maces & Flails | |  2.6
Polearms       | |  2.6
Armour         | |  0.7
Stealth        | |  1.7

Action                   |  1- 3 |  4- 6 || total
-------------------------+-------+-------++-------
Melee: Mace              |   142 |       ||   142
  Use: Potion            |     1 |       ||     1
 Stab: Sleeping          |     2 |       ||     2
Armor: Robe              |    39 |       ||    39
       Ring mail         |    32 |       ||    32
Dodge: Dodged            |   162 |       ||   162

Table legend: (Time is in decaauts)
 A = Elapsed time spent in this place.
 B = Non-inter-level travel time spent in this place.
 C = Inter-level travel time spent in this place.
 D = Time resting spent in this place.
 E = Time spent auto-exploring this place.
 F = Levels seen in this place.
 G = Mean time per level.
                   A        B        C        D        E       F      G
               +--------+--------+--------+--------+--------+-----+--------+
         Total |   2355 |   2335 |     20 |   1007 |   1002 |   2 | 1177.5 |
       Dungeon |   2355 |   2335 |     20 |   1007 |   1002 |   2 | 1177.5 |
               +--------+--------+--------+--------+--------+-----+--------+

Top non-repeatable levels by time:
     D:1: 1628 daAuts
     D:2: 727 daAuts
